Map: Efflorescence LE

Players

AlphaZero

  • Race: Protoss Protoss
  • League: Diamond
  • Spawn Location: 9:00

TomChargelot

  • Race: Protoss Protoss
  • Spawn Location: 6:00

Massa - Winner!

  • Race: Terran Terran
  • League: Platinum
  • Spawn Location: 12:00

qqq - Winner!

  • Race: Zerg Zerg
  • Spawn Location: 3:00

VOD

Have the link to the VOD?

Description

Time

  • Played on: Feb. 22, 2021, 1:54 p.m.
  • Length: 6:04
Show
View Real Time Build Order
Export as new Build Order

AlphaZero Protoss 

Build Orders:  

Get SALT Encoding   

  12  0:01  Probe  
  13  0:14  Pylon  
  13  0:18  Probe  
  14  0:30  Probe  
  14  0:35  Forge  
  15  0:42  Probe  
  16  0:48  Pylon  
  16  0:54  Probe  
  17  1:06  Probe  
  17  1:08  Gateway  
  18  1:19  Pylon  
  18  1:45  Photon Cannon  
  18  2:00  Photon Cannon  
  18  2:05  Photon Cannon  
  16  2:32  Photon Cannon  
  16  2:35  Photon Cannon  
  16  2:37  Photon Cannon  
  16  2:39  Assimilator  
  16  2:43  Probe (Chrono Boost)  
  17  2:44  Assimilator  
  17  2:50  Photon Cannon  
  17  2:52  Cybernetics Core  
  17  2:53  Probe (Chrono Boost)  
  17  2:58  Probe (Chrono Boost)  
  19  3:07  Pylon  
  19  3:09  Probe  
  20  3:21  Probe (Chrono Boost)  
  21  3:34  Probe (Chrono Boost)  
  22  3:39  Probe (Chrono Boost)  
  23  3:43  Nexus  
  23  3:48  Probe  
  23  4:00  Probe, Stargate  
  24  4:08  Stargate  
  24  4:48  Pylon  
  28  4:54  Void Ray (Chrono Boost)  
  28  4:56  Pylon  
  28  5:00  Photon Cannon  
  28  5:03  Void Ray (Chrono Boost)  
  31  5:18  Photon Cannon  
  31  5:21  Shield Battery  
  31  5:25  Pylon  
Show
View Real Time Build Order
Export as new Build Order

TomChargelot Protoss 

Build Orders: Oracle Opening 

Get SALT Encoding   

  12  0:00  Probe  
  13  0:15  Pylon  
  13  0:18  Probe  
  14  0:34  Gateway  
  14  0:40  Probe (Chrono Boost)  
  15  0:43  Assimilator  
  15  0:48  Probe (Chrono Boost)  
  16  1:02  Forge  
  16  1:11  Pylon  
  16  1:22  Probe (Chrono Boost)  
  17  1:31  Probe (Chrono Boost)  
  17  1:36  Probe (Chrono Boost)  
  18  1:42  Photon Cannon  
  18  1:46  Assimilator  
  18  1:48  Probe  
  19  1:54  Zealot  
  19  2:00  Probe  
  22  2:09  Cybernetics Core  
  22  2:13  Probe  
  23  2:25  Probe, Pylon  
  24  2:38  Probe  
  24  2:43  Stalker (Chrono Boost)  
  27  2:58  Stargate  
  27  3:00  Stargate  
  27  3:46  Oracle  
  27  3:48  Nexus  
  30  3:53  Oracle  
  33  4:19  Pylon  
  33  4:48  Photon Cannon  
  33  4:49  Photon Cannon  
  33  4:50  Photon Cannon  
  33  4:52  Phoenix x2  
  12  6:00  Gateway  
  12  6:01  Gateway  
Show
View Real Time Build Order
Export as new Build Order

Massa Terran - Winner!

Build Orders:  

Get SALT Encoding   

  12  0:00  SCV  
  13  0:12  SCV  
  14  0:18  Supply Depot  
  14  0:24  SCV  
  15  0:40  SCV  
  15  0:41  Barracks  
  16  0:48  Refinery  
  16  0:53  SCV  
  17  1:00  Supply Depot  
  17  1:08  SCV  
  18  1:36  SCV  
  19  1:49  Reaper  
  19  1:51  Orbital Command  
  20  2:12  Factory  
  20  2:21  Marine  
  22  2:37  SCV  
  22  2:44  Barracks  
  22  2:46  Supply Depot  
  22  2:49  Engineering Bay  
  22  2:55  Barracks Tech Lab  
  22  2:58  Factory Tech Lab  
  22  3:08  SCV  
  22  3:09  Barracks  
  23  3:20  Missile Turret  
  23  3:24  Marine, Stimpack  
  24  3:29  SCV  
  24  3:32  Marine  
  26  3:37  Widow Mine  
  28  3:43  Marauder  
  28  3:44  SCV  
  31  3:49  Marine  
  32  3:59  Marine  
  33  4:04  Marauder  
  33  4:07  Marine  
  36  4:16  Marine  
  37  4:26  Marauder  
  37  4:29  Supply Depot  
  39  4:32  Supply Depot  
  39  4:51  Cyclone, Marauder, Marine x2  
  46  4:53  Command Center  
  46  4:56  Refinery  
Show
View Real Time Build Order
Export as new Build Order

qqq Zerg - Winner!

Build Orders: Hatch First 

Get SALT Encoding   

  12  0:02  Drone  
  13  0:09  Drone  
  14  0:24  Overlord  
  14  0:46  Hatchery  
  14  0:50  Drone  
  14  0:52  Drone  
  14  0:56  Drone  
  16  1:04  Drone  
  17  1:21  Spawning Pool  
  17  1:23  Extractor  
  15  1:37  Drone  
  15  1:39  Drone x2  
  18  2:04  Drone  
  18  2:05  Drone x2  
  21  2:17  Drone, Queen  
  21  2:19  Queen  
  26  2:32  Drone x2  
  26  2:33  Overlord  
  28  2:38  Metabolic Boost  
  28  2:45  Overlord  
  28  2:52  Zergling x2  
  28  2:53  Zergling x2  
  28  2:55  Zergling x2  
  28  2:57  Zergling x2  
  32  3:02  Zergling x2  
  34  3:05  Zergling x2  
  34  3:06  Zergling x2  
  35  3:14  Zergling x2  
  35  3:16  Zergling x2  
  37  3:27  Zergling x2  
  37  3:31  Drone  
  39  3:36  Drone  
  39  3:37  Zergling x4  
  42  3:41  Hatchery  
  42  3:42  Overlord  
  42  3:45  Zergling x2  
  42  3:47  Zergling x2  
  43  3:51  Zergling x2  
  43  3:54  Overlord  
  44  4:04  Zergling x2  
  44  4:05  Drone, Zergling x2  
  44  4:06  Zergling x4  
  49  4:15  Zergling x6  
  52  4:20  Spore Crawler  
  49  4:43  Zergling x8  
  49  4:44  Drone x3, Zergling x2  
  49  4:45  Zergling x2  
  56  4:49  Spore Crawler  
  55  4:53  Zergling x2  
  55  4:54  Zergling x2  
  55  4:59  Drone  
  58  5:06  Zergling x2  
  56  5:15  Zergling x6  
  56  5:16  Zergling x4  
  57  5:29  Zergling x6  
  57  5:30  Zergling x4  
  57  5:31  Zergling x6  
  63  5:37  Zergling x2  
  63  5:39  Drone x2  
  63  5:42  Spore Crawler  
Tags
 
Add a new tag
Caveats
  • Supply blocks, unpowered buildings, or Contaminate may cause inaccurate times.
  • Supply counts are checked every 10 seconds.